 Dungeon Crawl Stone Soup version 0.28-a0-628-g3c9886e45e (webtiles) character file.

Game seed: 3826549998060512320

1845 funkygono the Firebug (level 9, -15/45 HPs)
             Began as a Gargoyle Fire Elementalist on Oct 9, 2021.
             Was a Believer of Vehumet.
             Demolished by a two-headed ogre (21 damage)
             ... on level 6 of the Dungeon.
             The game lasted 00:12:46 (7458 turns).

funkygono the Firebug (Gargoyle Fire Elementalist)  Turns: 7458, Time: 00:12:47

Health: -15/45     AC: 10    Str: 12    XL:     9   Next: 12%
Magic:  10/19      EV: 12    Int: 19    God:    Vehumet [**....]
Gold:   311        SH:  5    Dex: 10    Spells: 9/21 levels left

rFire   . . .      SeeInvis .   h - +1 whip
rCold   . . .      Faith    .   (no shield)
rNeg    + + .      Spirit   .   a - +1 robe
rPois   ∞          Reflect  +   (no helmet)
rElec   +          Harm     .   o - +0 cloak
rCorr   .          Rampage  .   (no gloves)
Will    .....                   (no boots)
Stlth   ++........              u - amulet of reflection
HPRegen 0.15/turn               l - +4 ring of slaying
MPRegen 0.16/turn               p - ring of positive energy

@: studying Stealth
A: sickness immunity, AC +6, negative energy resistance 1, electricity
resistance, torment resistance 1, petrification resistance
a: Renounce Religion


You were on level 6 of the Dungeon.
You worshipped Vehumet.
Vehumet was pleased with you.
You visited 2 branches of the dungeon, and saw 7 of its levels.

You collected 311 gold pieces.

Inventory:

Hand Weapons
 h - a +1 whip (weapon)
Missiles
 i - 161 stones
Armour
 a - a +1 robe (worn)
 j - a +0 leather armour
 o - a +0 cloak (worn)
Magical Staves
 b - a staff of fire
 v - a staff of air
Jewellery
 k - a +6 ring of dexterity
 l - a +4 ring of slaying (left hand)
 p - a ring of positive energy (right hand)
 u - an amulet of reflection (around neck)
Wands
 q - a wand of mindburst (4)
 t - a wand of charming (6)
Scrolls
 e - a scroll of amnesia
 s - 2 scrolls of identify
 w - a scroll of fear
Potions
 c - 2 potions of brilliance
 d - 2 potions of cancellation {unknown}
 f - a potion of haste {unknown}
 g - a potion of mutation {unknown}
 m - 2 potions of flight {unknown}
 n - a potion of curing {unknown}
 r - 2 potions of ambrosia {unknown}


   Skills:
 + Level 0.1 Fighting
 + Level 0.2 Maces & Flails
 + Level 2.5 Dodging
 - Level 2.1 Stealth
 + Level 0.3 Shields
 * Level 6.8 Spellcasting
 * Level 6.4 Conjurations
 * Level 6.9 Fire Magic


You had 9 spell levels left.
You knew the following spells:

 Your Spells              Type           Power      Damage    Failure   Level
a - Foxfire               Conj/Fire      100%       2x1d9     1%          1
b - Scorch                Fire           64%        2d8       1%          2
c - Conjure Flame         Conj/Fire      31%        6-21      1%          3
d - Flame Wave            Conj/Fire      31%        3d7       7%          4
e - Magic Dart            Conj           100%       1d8       1%          1
f - Freeze                Ice            24%        1d5       11%         1

Your spell library contained the following spells:

 Spells                   Type           Power      Damage    Failure   Level
 Inner Flame              Hex/Fire       19%        N/A       8%          3
 Call Canine Familiar     Summ           6%         N/A       30%         3
 Gell's Gravitas          Tloc           3%         N/A       30%         3
 Lesser Beckoning         Tloc           6%         N/A       30%         3
 Portal Projectile        Hex/Tloc       12%        N/A       30%         3
 Teleport Other           Tloc           6%         N/A       30%         3
 Leda's Liquefaction      Hex/Erth       3%         N/A       71%         4


Dungeon Overview and Level Annotations

Branches:
Dungeon (6/15)             Temple (1/1) D:6

Altars:
Cheibriados
Elyvilon
Fedhas
Gozag
Hepliaklqana
Kikubaaqudgha
Makhleb
Nemelex Xobeh
Qazlal
Ru
Sif Muna
Trog
Uskayaw
Vehumet
Wu Jian
Xom
Zin
The Shining One
Lugonu


Innate Abilities, Weirdness & Mutations

You are immune to sickness and miasma.
Your stone body is resilient. (AC +6)
You are immune to poison.
You resist negative energy. (rN+)
You are resistant to electric shocks. (rElec)
You are resistant to unholy torment.
You are immune to petrification.


Message History

Unknown command.
Casting: Foxfire (safe; 1% risk of failure)
Confirm with . or Enter, or press ? or * to list all spells.
You conjure some foxfire!
The foxfire hits the two-headed ogre but does no damage.
The two-headed ogre is moderately wounded.
The foxfire hits the two-headed ogre.
The two-headed ogre is moderately wounded.
The foxfire hits the two-headed ogre.
The two-headed ogre is moderately wounded.
Casting: Foxfire (safe; 1% risk of failure)
Confirm with . or Enter, or press ? or * to list all spells.
You conjure some foxfire!
The foxfire hits the two-headed ogre.
The two-headed ogre is heavily wounded.
Unknown command.
Casting: Foxfire (safe; 1% risk of failure)
Confirm with . or Enter, or press ? or * to list all spells.
Flames lash the two-headed ogre.
The two-headed ogre is severely wounded.
The two-headed ogre's fire resistance burns away.
The foxfire hits the two-headed ogre.
The two-headed ogre is severely wounded.
The foxfire hits the two-headed ogre but does no damage.
The two-headed ogre is severely wounded.
The foxfire hits the two-headed ogre.
The two-headed ogre is burned terribly!
The two-headed ogre is severely wounded.
Casting: Scorch (safe; 1% risk of failure)
Confirm with . or Enter, or press ? or * to list all spells.
Flames lash the two-headed ogre.
The two-headed ogre is burned terribly!
The two-headed ogre is almost dead.
The two-headed ogre hits you with a +0 giant club!
The two-headed ogre hits you with a +0 giant spiked club!!
* * * LOW HITPOINT WARNING * * *
Casting: Scorch (safe; 1% risk of failure)
Confirm with . or Enter, or press ? or * to list all spells.
You conjure some foxfire!
The two-headed ogre hits you with a +0 giant club.
* * * LOW HITPOINT WARNING * * *
The two-headed ogre hits you with a +0 giant spiked club!!
You die...

.'................†..............
##...############################
#...# #...# #...###############
#.................#
####...............# ####
#...............v..###########...
...............O@................
#.#.............v..###########...
#.#................# #.##
..#......#####################..#
###......# #.............#
.........# #..............
###......# #..............
.##......# #.............<
.##......# #..............


You could see a two-headed ogre (combustible, ally target).

Vanquished Creatures
  2 water moccasins (D:6)
  A sky beast (D:5)
  3 ice beasts
  2 centaurs (D:6)
  2 phantoms
  A bullfrog (D:6)
  2 scorpions
  A water moccasin zombie (D:6)
  A wyvern skeleton (D:6)
  A water moccasin skeleton (D:5)
  A howler monkey (D:6)
  4 crimson imps (D:5)
  A centaur zombie (D:3)
  2 hounds (D:5)
  2 orc priests
  An orc wizard (D:4)
  A statue (D:5)
  A hound skeleton (D:5)
  2 howler monkey zombies (D:5)
  8 adders
  4 gnolls (D:5)
  A shadow imp (D:5)
  An adder zombie (D:5)
  2 worms
  3 dart slugs
  7 orcs
  4 ball pythons
  8 bats
  9 endoplasms
  14 giant cockroaches
  8 goblins
  5 hobgoblins
  6 jackals
  4 quokkas
  2 frilled lizards
  6 kobolds
  7 rats
130 creatures vanquished.

Vanquished Creatures (others)
  459 foxfires
  3 plants (D:4)
462 creatures vanquished.

Grand Total: 592 creatures vanquished

Notes
Turn   | Place    | Note
-------+----------+-------------------------------------------
     0 | D:1      | funkygono the Gargoyle Fire Elementalist began the quest
                  | for the Orb.
     0 | D:1      | Reached XP level 1. HP: 10/10 MP: 3/3
   225 | D:1      | Reached XP level 2. HP: 15/15 MP: 3/5
   274 | D:1      | Found a faded altar of an unknown god.
   876 | D:1      | Reached XP level 3. HP: 19/19 MP: 3/6
   915 | D:1      | Learned a level 2 spell: Scorch
   919 | D:1      | Learned a level 3 spell: Conjure Flame
  1637 | D:2      | Found a radiant altar of Vehumet.
  1684 | D:2      | Became a worshipper of Vehumet
  2394 | D:3      | Reached XP level 4. HP: 24/24 MP: 3/7
  3262 | D:3      | Reached XP level 5. HP: 28/28 MP: 2/9
  3267 | D:3      | Learned a level 4 spell: Flame Wave
  3406 | D:3      | Noticed an ice beast
  3411 | D:3      | Killed an ice beast
  3411 | D:3      | Reached * piety under Vehumet
  3411 | D:3      | Offered knowledge of Magic Dart by Vehumet.
  3412 | D:3      | Reached XP level 6. HP: 32/32 MP: 5/11
  4253 | D:4      | Reached skill level 5 in Fire Magic
  4253 | D:4      | Reached XP level 7. HP: 21/36 MP: 6/13
  4753 | D:4      | Found an ancient bone altar of Kikubaaqudgha.
  4817 | D:4      | Learned a level 1 spell: Magic Dart
  4893 | D:5      | Entered Level 5 of the Dungeon
  5384 | D:5      | Found a shimmering altar of Xom.
  5432 | D:5      | Reached skill level 5 in Spellcasting
  5529 | D:5      | Offered knowledge of Freeze by Vehumet.
  5530 | D:5      | Reached XP level 8. HP: 41/41 MP: 9/15
  5596 | D:5      | Reached ** piety under Vehumet
  5633 | D:5      | Found a snail-covered altar of Cheibriados.
  5636 | D:5      | Found an ornate altar of the Wu Jian Council.
  5636 | D:5      | Found a burning altar of Makhleb.
  5781 | D:5      | Found a glowing golden altar of the Shining One.
  5833 | D:5      | Reached skill level 5 in Conjurations
  5966 | D:5      | Found a radiant altar of Vehumet.
  6057 | D:5      | Found a stormy altar of Qazlal.
  6582 | D:6      | Learned a level 1 spell: Freeze
  6906 | D:6      | Reached XP level 9. HP: 45/45 MP: 11/18
  6955 | D:6      | Found a staircase to the Ecumenical Temple.
  6963 | Temple   | Entered the Ecumenical Temple
  7093 | D:6      | Noticed a two-headed ogre
  7147 | D:6      | Found a white marble altar of Elyvilon.
  7458 | D:6      | Demolished by a two-headed ogre

Illustrated notes

Levels and vault maps discovered:
D:1:      psy_arrival_radial01, layout_basic, basic_ecumenical_altar
D:2:      layout_basic, basic_altar
D:3:      minmay_roachtagon, layout_rooms, serial_corexii_hall,
          chequers_hall_statues_wall_a, chequers_hall_statues_y, st_stairs_13
D:4:      corexii_shack_village, layout_loops_cross, kennysheep_mini
D:5:      layout_rooms, led_xom_imps, vehumet_statue,
          grunt_temple_overflow_open, nicolae_qazlal_general_emergency
D:6:      layout_basic, mainiacjoe_overflow_alcove_1,
          minmay_temple_entry_statues_fountains, minmay_manual_mares
Temple:   kb_corrupted_temple

Skill      XL: |  1  2  3  4  5  6  7  8 |
---------------+-------------------------+-----
Conjurations   | 2 3 4 6 |  6.4
Fire Magic     | 4 5 6 |  6.9
Spellcasting   | 3 4 5 6 |  6.8
Dodging        | 2 |  2.5
Fighting       | |  0.1
Maces & Flails | |  0.2
Stealth        | |  2.1
Shields        | |  0.3

Action                   |  1- 3 |  4- 6 |  7- 9 || total
-------------------------+-------+-------+-------++-------
Melee: Staff             |    11 |       |       ||    11
       Whip              |     1 |     9 |    21 ||    31
 Cast: Foxfire           |    75 |   101 |    93 ||   269
       Scorch            |     2 |     8 |    32 ||    42
       Magic Dart        |       |       |    48 ||    48
  Use: Scroll            |     5 |     3 |     2 ||    10
Armor: Robe              |    11 |    25 |    39 ||    75
Dodge: Dodged            |    22 |    38 |    50 ||   110
Block: Other             |       |       |     8 ||     8

Table legend: (Time is in decaauts)
 A = Elapsed time spent in this place.
 B = Non-inter-level travel time spent in this place.
 C = Inter-level travel time spent in this place.
 D = Time resting spent in this place.
 E = Time spent auto-exploring this place.
 F = Levels seen in this place.
 G = Mean time per level.
                   A        B        C        D        E       F      G
               +--------+--------+--------+--------+--------+-----+--------+
         Total |   7464 |   7271 |    193 |    961 |   5020 |   7 | 1066.3 |
       Dungeon |   7346 |   7173 |    173 |    961 |   4934 |   6 | 1224.3 |
        Temple |    117 |     97 |     20 |      0 |     86 |   1 |  117.0 |
               +--------+--------+--------+--------+--------+-----+--------+

Top non-repeatable levels by time:
     D:4: 1632 daAuts
     D:2: 1279 daAuts
     D:1: 1246 daAuts
     D:3: 1125 daAuts
     D:6: 1111 daAuts
     D:5: 952 daAuts
  Temple: 117 daAuts
